Unix NetHack Version 5.0.0-0 post-release - last build May  4 2026 22:22:43 (774f63e81ad911689b3a0859ea89b322d5daca8d,branch:main).

Game began 2026-05-07 10:59:10, ended 2026-05-07 14:23:18.

1212468021121, lawful female dwarven Valkyrie

                                      -------
                                      |.....|
 --------      ------------         ##......|
 |......|      |.(........-###########|.....|
 |.......      |..........|         ##|......##%
 |......|      |...........#        ##......|  #?###
 |......|      |..........|#      ####|.....|      ##
 |.<....|      ---.--------###r####   -------       #
 -.------##              ###                       ####
  ##########   #        ####                        ########-----------
          ##########    #                              ### #..........|
           #-.-----###########                           ## |........(|
           #|.....+###   ##  ######                       # |.........|
           #|.....|      #--------|-----                  # |.........|
           #......|      #|.............                  # |.........|
            -------      #|............|                  ##..........|
                         #|..(.....>...|                    -----------
                         #.............|
                          --------------

1212468021121 the Wererat   St:18 Dx:9 Co:19 In:9 Wi:10 Ch:10  Lawful
Dlvl:5  $:0  HP:0(10) Pw:6(6) AC:6  HD:2 T:1686  FoodPois

Latest messages:
 You drop a javelin.
 Your movements are now unencumbered.
 You drop a scroll labeled FOOBIE BLETCH.
 You drop a scroll labeled KERNOD WEL.
 You can only lift some of the 4 uncursed food rations lying here.
 You have much trouble lifting 3 uncursed food rations.  Continue? [ynq] (q) q
 f - an egg.
 There are 4 uncursed food rations here; eat one? [ynq] (n) y
 This food really hits the spot!
 You finish eating the food ration.
 s - a clear potion.
 What do you want to drink? [s or ?*] s
 This tastes like water.
 You don't have anything to drink.
 You don't have anything to drink.
 n - a ruby potion.
 What do you want to drink? [n or ?*] n
 You feel better.
 You don't have anything to drink.
 You don't have anything to drink.
 e - an uncursed oil lamp.
 You are not wearing anything.
 You aren't able to use or apply tools in your current form.
 You aren't able to use or apply tools in your current form.
 You aren't able to use or apply tools in your current form.
 You see here a dwarf corpse.
 There is a dwarf corpse here; eat it? [ynq] (n) y
 Ulch - that meat was tainted, you cannibal!
 You feel deathly sick.
 (It must have died too long ago to be safe to eat.)
 You don't have anything to drink.
 You don't have anything to drink.
 You don't have anything to drink.
 You don't have anything to drink.
 What do you want to ready? [*] q
 You don't have that object.
 What do you want to ready? [*] <enter>
 Never mind.
 You don't have anything to drink.
 What do you want to ready? [*] *
 Never mind.
 Your sickness feels worse.
 Your sickness is severe.
 You are at Death's door.
 You die from your illness.
 Do you want your possessions identified? [ynq] (y) y
 Do you want to see your attributes? [ynq] (y) y
 Do you want an account of creatures vanquished? [ynaq] (y) y
 Do you want to see your conduct and achievements? [ynq] (y) y
 Do you want to see the dungeon overview? [ynq] (y) y

Inventory:
 Comestibles  ('%')
  f - an uncursed egg
 Tools    ('(')
  e - an uncursed oil lamp

1212468021121 the Valkyrie's attributes:

Background:
 You were in female wererat form.
 You were actually a Skirmisher, a level 4 dwarven Valkyrie.
 You were lawful, nominally on a mission for Tyr
 who was opposed by Odin (neutral) and Loki (chaotic).
 You were normally right-handed.
 You were in the Dungeons of Doom, on level 5.
 You entered the dungeon 1686 turns ago.

Basics:
 You had 0 out of 10 hit points.
 You had all 6 energy points (spell power).
 You had 2 hit dice.
 Your armor class was 6.
 Your wallet was empty.
 Autopickup was off.

Final Characteristics:
 Your strength was 18.
 Your dexterity was 9.
 Your constitution was 19.
 Your intelligence was 9.
 Your wisdom was 10.
 Your charisma was 10.

Final Status:
 You were transformed.
 You died from food poisoning.
 You weren't hungry.
 You were unencumbered.
 You weren't wielding anything.
 You were unskilled in bare handed combat.
 You weren't wearing any armor.

Final Attributes:
 You were devoutly aligned.
 You were cold resistant.
 You were poison resistant.
 You were level-drain resistant.
 You were stealthy.
 You aggravated monsters.
 You regenerated.
 You were a wererat in beast form.
 You were harmed by silver.
 You were very unlucky.
 You are dead.

Miscellaneous:
 You didn't encounter any bones levels.
 Total elapsed playing time was 40 minutes and 36 seconds.

Major events:
 Turn
    1: 1212468021121 the lawful dwarven Valkyrie entered the dungeon
  797: attained the rank of Skirmisher (level 3)
 1231: declined to perform genocide
 1686: poisoned by a rotted dwarf corpse

You didn't know any spells.

Skills:
 Fighting Skills
   bare handed combat [Unskilled]
   two weapon combat  [Unskilled]
   riding             [Unskilled]
 Weapon Skills
   dagger             [Basic]
   axe                [Unskilled]
   pick-axe           [Unskilled]
   short sword        [Unskilled]
   broadsword         [Unskilled]
   long sword         [Unskilled]
   two-handed sword   [Unskilled]
   saber              [Unskilled]
   hammer             [Unskilled]
   quarterstaff       [Unskilled]
   polearms           [Unskilled]
   spear              [Basic]
   trident            [Unskilled]
   lance              [Unskilled]
   sling              [Unskilled]
 Spellcasting Skills
   attack spells      [Unskilled]
   escape spells      [Unskilled]

Voluntary challenges:
 Character rerolling was not enabled.
 You were an atheist.
 You never genocided any monsters.
 You never polymorphed an object.
 You used no wishes.
Achievements:
 You entered a shop.
 You attained the rank of Skirmisher.

 The Dungeons of Doom: levels 1 to 5
    Level 1:
       A sink.
    Level 2:
       A general store.
    Level 3:
       A general store.
    Level 4:
       Many fountains.
    Level 5: <- You were here.
       Final resting place for
          you, poisoned by a rotted dwarf corpse.


Vanquished creatures:
  a kitten
  a homunculus
  a rothe
  2 dwarf zombies
  a wererat
  a werejackal
  3 iguanas
  3 giant rats
  a brown mold
  2 geckos
  a jackal
  2 goblins
  a sewer rat
  2 grid bugs
  3 lichens
  3 kobold zombies
  5 newts
33 creatures vanquished.

No species were genocided or became extinct.

Game over:
                       ----------
                      /          \
                     /    REST    \
                    /      IN      \
                   /     PEACE      \
                  /                  \
                  |  1212468021121   |
                  |       0 Au       |
                  |  poisoned by a   |
                  |   rotted dwarf   |
                  |      corpse      |
                  |                  |
                  |       2026       |
                 *|     *  *  *      | *
        _________)/\\_//(\/(/\)/\//\/|_)_______

Farvel 1212468021121 the Valkyrie...

You were poisoned in The Dungeons of Doom on dungeon level 5 with 682 points,
and 0 pieces of gold, after 1686 moves.
You were level 4 with a maximum of 49 hit points when you were poisoned.

